 Dungeon Crawl Stone Soup version 0.31-a0-1178-gc5c9b8f871 (webtiles) character file.

Game seed: 807984621847172339

2240 qw the Skirmisher (level 9, 0/88 HPs)
             Began as a Gargoyle Hunter on Dec 11, 2023.
             Slain by a two-headed ogre
             ... wielding a +0 giant club
              (23 damage)
             ... on level 6 of the Dungeon.
             The game lasted 00:01:43 (4829 turns).

qw the Skirmisher (Gargoyle Hunter)                 Turns: 4829, Time: 00:01:43

Health: 0/88       AC: 19    Str: 20    XL:     9   Next: 36%
Magic:  9/9        EV: 13    Int: 10    God:
Gold:   307        SH:  0    Dex: 17    Spells: 8/8 levels left

rFire   + . .        k - +3 arbalest (flame)
rCold   . . .        (shield currently unavailable)
rNeg    + . .        h - +2 robe of Noome {rF+ Str+5}
rPois   inf          (no helmet)
rElec   +            b - +0 cloak
rCorr   .            c - +2 pair of gloves
SInv    .            i - +0 pair of boots
Will    +....        e - amulet of regeneration Stlth
                     j - +4 ring of protection
HPRegen 1.14/turn    m - ring of willpower
MPRegen 0.11/turn

%: no passive effects
@: berserking, very quick
A: sickness immunity, AC +6, negative energy resistance 1, electricity
resistance, torment resistance 1, petrification resistance
a: no special abilities


You were on level 6 of the Dungeon.
You visited 2 branches of the dungeon, and saw 7 of its levels.

You collected 333 gold pieces.
You spent 26 gold pieces at shops.


Innate Abilities, Weirdness & Mutations

You are immune to sickness and miasma.
Your stone body is resilient. (AC +6)
You are immune to poison.
You resist negative energy. (rN+)
You are resistant to electric shocks. (rElec)
You are resistant to unholy torment.
You are immune to petrification.


   Skills:
 - Level 8.0 Fighting
 + Level 10.0 Ranged Weapons
 - Level 2.4 Armour
 - Level 3.0 Dodging
 - Level 1.1 Stealth


You had 8 spell levels left.
You didn't know any spells.
Your spell library was empty.

Inventory:

Hand Weapons
 k - a +3 arbalest of flaming (weapon)
Armour
 b - a +0 cloak (worn)
 c - a +2 pair of gloves (worn)
 h - the +2 robe of Noome (worn) {rF+ Str+5}
   (You took it off an orc wizard on level 3 of the Dungeon)

   Str+5:     It affects your strength (+5).
   rF+:       It protects you from fire.
 i - a +0 pair of boots (worn)
 n - a +2 leather armour of fire resistance
 p - a +1 leather armour of cold resistance
Jewellery
 a - a ring of protection from cold
 e - an amulet of regeneration (around neck)
 j - a +4 ring of protection (left hand)
 m - a ring of willpower (right hand)
Scrolls
 g - a scroll of revelation {unknown}
Potions
 f - a potion of curing
 l - a potion of haste {unknown}
 o - a potion of mutation {unknown}

Dungeon Overview and Level Annotations

Branches:
Dungeon (6/15)             Temple (1/1) D:5

Altars:
Ashenzari
Elyvilon
Gozag
Hepliaklqana
Kikubaaqudgha
Nemelex Xobeh
Qazlal
Ru
Sif Muna
Wu Jian
Xom
The Shining One

Shops:
D:1 ?   D:2 (


Message History

The two-headed ogre is lightly wounded.
The two-headed ogre misses you. The two-headed ogre barely misses you.
You shoot a bolt. The bolt hits the two-headed ogre!
The bolt burns the two-headed ogre.
The two-headed ogre is moderately wounded.
The two-headed ogre hits you with a +0 giant club. x2
You shoot a bolt. The bolt hits the two-headed ogre!!
The bolt burns the two-headed ogre.
The two-headed ogre is severely wounded.
You hear an angry hiss.
A boulder beetle comes into view.
The two-headed ogre misses you.
The two-headed ogre hits you with a +0 giant club!
Enter note:
Enter note:
Enter note:
Enter note:
Enter note:
Enter note:
4824 ||| Stepping ~*~*~tactically~*~*~ (retreating).
You start resting.
A two-headed ogre is nearby!
You shoot a bolt. The bolt hits the two-headed ogre.
The bolt burns the two-headed ogre.
The two-headed ogre is severely wounded.
You hear an angry hiss.
The two-headed ogre hits you with a +0 giant club! x2
Enter note:
Enter note:
Enter note:
4827 ||| Stepping ~*~*~tactically~*~*~ (retreating).
You shoot a bolt.
The bolt barely misses the two-headed ogre.
The two-headed ogre hits you with a +0 giant club!
The two-headed ogre barely misses you.
4829 ||| DRINKING inky potion.
It was a potion of berserk rage.
A red film seems to cover your vision as you go berserk!
You feel yourself moving faster!
You feel mighty!
The two-headed ogre hits you with a +0 giant club!!
You die...

##..>...# .
#.......###### .#
###..###.../.... .#.
#..# #.....### #B#
#..# #..##.# #
####(###..# #..##.###
#.....##..# #........
#..##.##..###.###.###
##BO@.........#[.....
####.###..####.#.#<.
#.# #...........>
#####.###..####.#.#..
#..........####......
#....................
#.###.####.#####...#.
#.# #.# #....#...##)
#.# #.####.##..###...


You could see a boulder beetle and a two-headed ogre.

Vanquished Creatures
  A cyclops (D:6)
  Sigmund (D:3)
  Eustachio (D:5)
  A water moccasin (D:5)
  2 sky beasts
  A black bear (D:5)
  2 ogres
  A centaur (D:5)
  A phantom (D:5)
  3 scorpions (D:5)
  3 wights (D:5)
  2 hounds (D:5)
  3 jellies
  An orc priest (D:6)
  4 orc wizards
  A sleepcap (D:6)
  Natasha (thrice) (D:3)
  An iguana (D:6)
  3 adders
  2 white imps
  A worm (D:2)
  3 dart slugs
  17 orcs
  4 endoplasms
  2 giant cockroaches (D:1)
  3 goblins
  4 hobgoblins
  2 jackals (D:3)
  6 quokkas
  5 ball pythons
  2 bats (D:1)
  4 frilled lizards (D:1)
  4 kobolds
  2 rats
96 creatures vanquished.

Notes
Turn   | Place    | Note
-------+----------+-------------------------------------------
     0 | D:1      | qw the Gargoyle Hunter began the quest for the Orb.
     0 | D:1      | Reached XP level 1. HP: 12/12 MP: 1/1
     0 | D:1      | 0 ||| qw: Version: 0.3-a-106-g2cfff9e
     0 | D:1      | 0 ||| qw: Game counter: 2040
     0 | D:1      | 0 ||| qw: Melee chars always use a shield: true
     0 | D:1      | 0 ||| qw: God list: Okawaru
     0 | D:1      | 0 ||| qw: Allow faded altars: false
     0 | D:1      | 0 ||| qw: Do Orc after clearing Dungeon:15 true
     0 | D:1      | 0 ||| qw: Do second Lair branch before Depths: true
     0 | D:1      | 0 ||| qw: Lair rune preference: random
     0 | D:1      | 0 ||| qw: Goals: Normal, Save, Zot:1-4, Win
     0 | D:1      | 0 ||| PLANNING D:1-11
   134 | D:1      | Reached XP level 2. HP: 17/17 MP: 2/2
   215 | D:1      | Found Wokuk's Magic Scroll Shop.
   225 | D:1      | 225 ||| SHOPLISTING 2 scrolls of teleportation (78 gold,
                  | have 28).
   225 | D:1      | 225 ||| BUYING scroll of identify (26 gold).
   225 | D:1      | Bought a scroll of identify for 26 gold pieces
   225 | D:1      | 225 ||| SHOPLISTING scroll of identify (26 gold, have 2).
   225 | D:1      | 225 ||| SHOPLISTING scroll of teleportation (39 gold, have
                  | 2).
   489 | D:1      | Reached XP level 3. HP: 18/21 MP: 3/3
   519 | D:1      | 519 ||| UPGRADING to +0 ring mail.
   529 | D:1      | 529 ||| DROPPING +0 leather armour.
   530 | D:1      | 530 ||| READING scroll of identify.
   530 | D:1      | 530 ||| IDENTIFYING fizzy ruby potion
   531 | D:1      | 531 ||| READING scroll labelled ZOAMABR QEBEO.
   532 | D:1      | 532 ||| READING 3 scrolls labelled SIWAIS ZAMNIJ.
   633 | D:1      | 633 ||| READING scroll labelled OJIZAI MATYA.
   633 | D:1      | 633 ||| ENCHANTING +0 ring mail.
   634 | D:1      | 634 ||| DROPPING scroll of butterflies.
   635 | D:1      | 635 ||| DROPPING 2 scrolls of silence.
   636 | D:1      | 636 ||| DROPPING potion of invisibility.
   989 | D:2      | Found Quemus's Weapon Emporium.
  1102 | D:2      | Reached skill level 1 in Armour
  1108 | D:2      | Reached skill level 5 in Ranged Weapons
  1451 | D:2      | 1451 ||| DROPPING scarf of invisibility.
  1452 | D:2      | 1452 ||| UPGRADING to amulet of regeneration.
  1457 | D:2      | 1457 ||| READING scroll of identify.
  1457 | D:2      | 1457 ||| IDENTIFYING purple potion
  1458 | D:2      | 1458 ||| READING 2 scrolls labelled ZOUROATWOP.
  1459 | D:2      | 1459 ||| DROPPING scroll of poison.
  1460 | D:2      | 1460 ||| DROPPING potion of brilliance.
  1573 | D:3      | Noticed Sigmund
  1575 | D:3      | 1575 ||| DRINKING bubbling cyan potion.
  1576 | D:3      | Noticed Natasha
  1577 | D:3      | 1577 ||| Stepping ~*~*~tactically~*~*~ (retreating).
  1578 | D:3      | 1578 ||| Stepping ~*~*~tactically~*~*~ (retreating).
  1580 | D:3      | 1580 ||| Stepping ~*~*~tactically~*~*~ (retreating).
  1584 | D:3      | 1584 ||| Stepping ~*~*~tactically~*~*~ (retreating).
  1588 | D:3      | 1588 ||| Stepping ~*~*~tactically~*~*~ (retreating).
  1589 | D:3      | 1589 ||| Stepping ~*~*~tactically~*~*~ (retreating).
  1590 | D:3      | Killed Natasha
  1591 | D:3      | Reached skill level 3 in Fighting
  1591 | D:3      | Reached XP level 4. HP: 24/28 MP: 4/4
  1596 | D:3      | Killed Sigmund
  1597 | D:3      | Reached skill level 6 in Ranged Weapons
  1597 | D:3      | Reached XP level 5. HP: 29/32 MP: 5/5
  1597 | D:3      | Reached XP level 6. HP: 33/37 MP: 6/6
  1711 | D:3      | HP: 8/37 [ogre/+0 giant club (22)]
  1743 | D:3      | Found an opulent altar of Gozag.
  1771 | D:3      | Noticed Natasha
  1778 | D:3      | Killed Natasha
  1790 | D:3      | Identified the +2 robe of Noome {rF+ Str+5}
  1805 | D:3      | Noticed Natasha
  1816 | D:3      | Killed Natasha
  1817 | D:3      | Reached skill level 7 in Ranged Weapons
  1843 | D:3      | Found a stormy altar of Qazlal.
  2072 | D:3      | Noticed a sky beast
  2099 | D:3      | Killed a sky beast
  2100 | D:3      | Reached XP level 7. HP: 43/43 MP: 7/7
  2176 | D:3      | 2176 ||| UPGRADING to +0 pair of gloves.
  2181 | D:3      | 2181 ||| UPGRADING to +2 robe of Noome {rF+ Str+5}.
  2191 | D:3      | 2191 ||| DROPPING +1 ring mail.
  2192 | D:3      | 2192 ||| UPGRADING to +0 pair of boots.
  2197 | D:3      | 2197 ||| READING scroll of enchant armour.
  2197 | D:3      | 2197 ||| ENCHANTING +0 pair of gloves.
  2198 | D:3      | 2198 ||| READING scroll labelled XEN UNGEGOACWE.
  2206 | D:3      | 2206 ||| READING scroll labelled LEAXIBB XOEM.
  2575 | D:4      | Found an ornate altar of the Wu Jian Council.
  3385 | D:4      | 3385 ||| UPGRADING to +0 cloak.
  3390 | D:4      | 3390 ||| DROPPING scarf of harm.
  3391 | D:4      | 3391 ||| READING scroll labelled ZANLOYRUIT.
  3453 | D:5      | Entered Level 5 of the Dungeon
  3523 | D:5      | 3523 ||| SWAPPING to +2 arbalest of flaming.
  3524 | D:5      | 3524 ||| DROPPING +0 shortbow.
  3543 | D:5      | Reached skill level 8 in Ranged Weapons
  3562 | D:5      | Reached XP level 8. HP: 49/49 MP: 8/8
  3587 | D:5      | Found a staircase to the Ecumenical Temple.
  3588 | D:5      | 3588 ||| PLANNING TEMPLE
  3588 | D:5      | 3588 ||| READING scroll of identify.
  3588 | D:5      | 3588 ||| IDENTIFYING bubbling ruby potion
  3589 | D:5      | 3589 ||| READING scroll labelled SAATAC KYH.
  3589 | D:5      | 3589 ||| ENCHANTING +2 arbalest of flaming.
  3590 | D:5      | 3590 ||| READING scroll labelled FUEN KUETI.
  3591 | D:5      | 3591 ||| DROPPING potion of magic.
  3602 | Temple   | Entered the Ecumenical Temple
  3603 | Temple   | 3603 ||| PLANNING D:1-11
  3626 | D:5      | Reached skill level 9 in Ranged Weapons
  3683 | D:5      | 3683 ||| RETREEAATING.
  3686 | D:5      | 3686 ||| Stepping ~*~*~tactically~*~*~ (retreating).
  3687 | D:5      | 3687 ||| Stepping ~*~*~tactically~*~*~ (retreating).
  3688 | D:5      | 3688 ||| Stepping ~*~*~tactically~*~*~ (retreating).
  3691 | D:5      | Reached skill level 6 in Fighting
  3720 | D:5      | 3720 ||| READING scroll of enchant armour.
  3720 | D:5      | 3720 ||| ENCHANTING +1 pair of gloves.
  3734 | D:5      | Noticed Eustachio
  3742 | D:5      | Killed Eustachio
  3790 | D:5      | Found a sacrificial altar of Ru.
  3866 | D:5      | Found a shimmering altar of Xom.
  3937 | D:5      | Reached skill level 10 in Ranged Weapons
  4142 | D:5      | 4142 ||| UPGRADING to +4 ring of protection.
  4143 | D:5      | 4143 ||| UPGRADING to ring of willpower.
  4144 | D:5      | 4144 ||| READING scroll labelled BUYLUO MIMOEGH.
  4145 | D:5      | 4145 ||| DRINKING 2 lumpy grey potions.
  4146 | D:5      | 4146 ||| DROPPING potion of attraction.
  4206 | D:6      | Found the +0 toga "Victory" {*Victory Clar}
  4242 | D:6      | Reached XP level 9. HP: 55/55 MP: 9/9
  4274 | D:6      | Reached skill level 3 in Dodging
  4816 | D:6      | Noticed a cyclops
  4819 | D:6      | Killed a cyclops
  4819 | D:6      | Noticed a two-headed ogre
  4823 | D:6      | Noticed a boulder beetle
  4824 | D:6      | 4824 ||| Stepping ~*~*~tactically~*~*~ (retreating).
  4827 | D:6      | 4827 ||| Stepping ~*~*~tactically~*~*~ (retreating).
  4828 | D:6      | HP: 14/59 [two-headed ogre/+0 giant club (7)]
  4829 | D:6      | 4829 ||| DRINKING inky potion.
  4829 | D:6      | Slain by a two-headed ogre

Levels and vault maps discovered:
D:1:      erik_arrival_triangle_medium, layout_basic, serial_shops, shop
D:2:      layout_basic, serial_shops, shop
D:3:      layout_loops_ring, grunt_qazlal_sundering,
          mainiacjoe_overflow_cross_hatched, uniq_crazy_yiuf_cottage,
          uniq_sigmund, uniq_natasha
D:4:      layout_basic, nicolae_wu_jian_immortal_techniques, due_unseen_surprise
D:5:      layout_rooms, lemuel_coloured_pillars_altar, marbit_many_paths,
          minmay_temple_entry_wispy, chequers_serial_rivers_small_3,
          minmay_misc_feat_pillars, grunt_ministairs_14,
          kennysheep_generic_room_16, uniq_eustachio
D:6:      minmay_cornered_nines, layout_loops_ring, st_stairs_2,
          hangedman_decor_clover_reticule
Temple:   nicolae_temple_bog_church

Skill      XL: |  1  2  3  4  5  6  7  8  9 |
---------------+----------------------------+-----
Armour         | 1 2 |  2.4
Ranged Weapons | 5 6 7 8 10 | 10.0
Fighting       | 3 4 5 6 8 |  8.0
Dodging        | 2 3 |  3.0
Stealth        | |  1.1

Action                     |  1- 3 |  4- 6 |  7- 9 || total
---------------------------+-------+-------+-------++-------
   Fire: Shortbow          |    86 |    92 |    30 ||   208
         Arbalest          |       |       |   130 ||   130
    Use: Scroll            |     6 |       |     9 ||    15
         Potion            |     1 |       |     2 ||     3
 Armour: Leather armour    |     7 |       |       ||     7
         Ring mail         |     9 |    39 |     1 ||    49
         Robe              |       |       |    79 ||    79
  Dodge: Dodged            |    23 |    22 |    69 ||   114

Table legend:
 A = Non-vault XP
 B = Vault XP
 C = Vault XP percentage of total XP
 D = Non-vault monster count
 E = Vault monster count
 F = Vault count percentage of total count
                 A         B        C        D         E       F
            +---------+---------+-------+---------+---------+-------
      Total |    1755 |    1445 |  45.2 |      84 |      12 |  12.5
            +---------+---------+-------+---------+---------+-------
        D:1 |      38 |       0 |   0.0 |      22 |       0 |   0.0
        D:2 |      17 |       0 |   0.0 |       8 |       0 |   0.0
        D:3 |     383 |     263 |  40.7 |      14 |       2 |  12.5
        D:4 |      60 |       0 |   0.0 |       6 |       0 |   0.0
        D:5 |     929 |     583 |  38.6 |      17 |       7 |  29.2
        D:6 |     328 |     599 |  64.6 |      17 |       3 |  15.0
            +---------+---------+-------+---------+---------+-------
